 Dungeon Crawl Stone Soup version 0.32-a0-768-g0f6f1dd4b9 (webtiles) character file.

Game seed: 4624145897964042917

1589 cojito the Trooper (level 8, -4/73 HPs)
             Began as a White Draconian Shapeshifter on Mar 18, 2024.
             Was a Follower of Uskayaw.
             Slain by Joseph
             ... wielding a +1 spectral quarterstaff
              (14 damage)
             ... on level 7 of the Dungeon.
             The game lasted 00:12:26 (6643 turns).

cojito the Trooper (White Draconian Shapeshifter)   Turns: 6643, Time: 00:12:27

Health: -4/73      AC:  6    Str: 19    XL:     8   Next: 61%
Magic:  18/18      EV: 12    Int: 11    God:    Uskayaw [*.....]
Gold:   462        SH:  0    Dex: 12    Spells: 7/7 levels left

rFire   . .          .
                       - Unarmed
rCold   + . .        (no shield)
rNeg    + . .        (body armour unavailable)
rPois   .            (helmet currently unavailable)
rElec   .            (cloak currently unavailable)
rCorr   +            (gloves currently unavailable)
SInv    +            (boots currently unavailable)
Will    +....        (no amulet)
Stlth   +            e - ring of see invisible
HPRegen 0.32/turn    f - ring "Zaosu" {rN+ Will+ rCorr MP+9 Str+2}
MPRegen 0.16/turn

%: no passive effects
@: beast-form, attractive, invisible
A: beast (slay +3), glacial breath, AC +6, unfitting armour, cold resistance 1,
cold-blooded
a: Glacial Breath, Begin Untransformation, Renounce Religion, Stomp


You were on level 7 of the Dungeon.
You worshipped Uskayaw.
Uskayaw was noncommittal.
You were a hulking beast.
You visited 2 branches of the dungeon, and saw 8 of its levels.

You collected 462 gold pieces.

Inventory:

Hand Weapons
 a - a +4 orcbow
Armour
 l - a +0 cloak
 n - a +0 pair of gloves
 q - the +0 pair of boots of the Pink Corner {^Drain rElec rN++ Str+3}
   (You acquired it on level 2 of the Dungeon)

   Str+3:     It affects your strength (+3).
   rElec:     It insulates you from electricity.
   rN++:      It greatly protects you from negative energy.
   ^Drain:    It drains your maximum health when unequipped.
 y - a +0 tower shield
 B - a scarf of resistance
Jewellery
 e - a ring of see invisible (left hand)
 f - the ring "Zaosu" (right hand) {rN+ Will+ rCorr MP+9 Str+2}
   (You acquired it on level 4 of the Dungeon)

   [ring of positive energy]

   Str+2:     It affects your strength (+2).
   rN+:       It protects you from negative energy.
   Will+:     It increases your willpower.
   MP+9:      It affects your magic capacity (+9).
   rCorr:     It protects you from acid and corrosion.
 k - a ring of ice
 r - a ring of resist corrosion
Talismans
 b - a beast talisman (active)
 c - a flux talisman
 m - a storm talisman
Wands
 z - a wand of polymorph (6)
 D - a wand of flame (16)
Scrolls
 d - 3 scrolls of revelation
 i - a scroll of fog {unknown}
 j - 2 scrolls of noise {unknown}
 p - a scroll of brand weapon {unknown}
 s - 2 scrolls of teleportation {unknown}
 u - a scroll of enchant armour {unknown}
 w - 2 scrolls of poison {unknown}
 x - a scroll of fear {unknown}
 A - 2 scrolls of vulnerability {unknown}
 C - a scroll of immolation {unknown}
Potions
 h - a potion of invisibility
 o - 2 potions of haste {unknown}
 t - a potion of magic
 v - a potion of cancellation


   Skills:
 * Level 7.0 Fighting
 + Level 4.4 Dodging
 + Level 5.4 Unarmed Combat
 + Level 2.0 Invocations
 + Level 5.9 Shapeshifting


You had 7 spell levels left.
You didn't know any spells.
Your spell library contained the following spells:

 Spells                   Type           Power      Damage    Failure   Level
 Call Canine Familiar     Summ           0%         N/A       71%         3
 Inner Flame              Hex/Fire       0%         N/A       71%         3
 Sigil of Binding         Hex            0%         N/A       71%         3
 Stone Arrow              Conj/Erth      0%         3d7       71%         3
 Dimensional Bullseye     Hex/Tloc       0%         N/A       98%         4
 Irradiate                Conj/Alch      0%         3d11      100%        5
 Ignition                 Fire           0%         3d3       100%        8
 Lehudib's Crystal Spear  Conj/Erth      0%         10d2      100%        8
 Animate Armour           Summ/Erth      Unusable   N/A       N/A         4

Dungeon Overview and Level Annotations

Branches:
Dungeon (7/15)             Temple (1/1) D:5

Altars:
Ashenzari
Dithmenos
Elyvilon
Fedhas
Hepliaklqana
Kikubaaqudgha
Makhleb
Nemelex Xobeh
Okawaru
Ru
Sif Muna
Trog
Uskayaw
Vehumet
Wu Jian
Xom
Yredelemnul
Zin
The Shining One

Shops:
D:4 (

Annotations:
D:7 Joseph


Innate Abilities, Weirdness & Mutations

You are a hulking beast.
Your limbs bulge with bestial killing power. (Slay +3)
You can breathe waves of cold which freeze foes solid.
Your icy white scales are hard. (AC +6)
You cannot fit into any form of body armour.
Your flesh is cold resistant. (rC+)
You are cold-blooded and may be slowed by cold attacks.


Message History

Okay, then.
Okay, then.
Unknown command.
It was a potion of magic.
Magic courses through your body.
It was a potion of cancellation.
You feel magically purged.
It was a potion of invisibility.
You fade into invisibility!
It was a potion of attraction.
You feel attractive to monsters. Joseph is attracted toward you.
You are now empty-handed.
Joseph unwields a +0 sling of electrocution.
It stops crackling.
Joseph wields a +1 spectral quarterstaff.
Joseph hits you with a +1 spectral quarterstaff.
The +1 spectral quarterstaff barely misses you.
A +1 spectral quarterstaff comes into view.
Aiming: Glacial Breath
Press: ? - help, Shift-Dir - straight line, f/p - Joseph
Aim: Joseph, wielding a +1 spectral quarterstaff and wearing a +0 ring mail (translocational energy, unable to see you, 87% to hit)
You exhale a wave of glacial cold.
The glacial breath misses Joseph.
Aiming: Glacial Breath
Press: ? - help, Shift-Dir - straight line, f/p - Joseph
Aim: Joseph, wielding a +1 spectral quarterstaff and wearing a +0 ring mail (unable to see you, 87% to hit)
You exhale a wave of glacial cold.
The glacial breath hits Joseph!!
Joseph is heavily wounded.
Joseph hits you with a +1 spectral quarterstaff!
* * * LOW HITPOINT WARNING * * *
The +1 spectral quarterstaff hits you!
* * * LOW HITPOINT WARNING * * *
Okay, then.
Unknown command.
Aiming: Glacial Breath
Press: ? - help, Shift-Dir - straight line, f/p - Joseph
Aim: Joseph, wielding a +1 spectral quarterstaff and wearing a +0 ring mail (heavily wounded, unable to see you, 87% to hit)
You exhale a wave of glacial cold.
The glacial breath hits Joseph!!
Joseph is almost dead.
Joseph hits you with a +1 spectral quarterstaff!
You die...
Your body falls in perfect tune with the rhythm.

##@..### #......#
#......# #......#
#......###+##
##.....§.....#
#............#
###@.....#
#.h(.....#####.
#..............
#.............#
#######.......#
#.......# #.......#
#############†......#
#...........'.......#
#.###########.......#


You could see Joseph (unable to see you) and a +1 spectral quarterstaff (unable
to see you).

Vanquished Creatures
  Eustachio (D:5)
  2 black bears (D:6)
  An ogre (D:6)
  Blork the orc (D:6)
  8 scorpions
  A jelly (D:5)
  A hound (D:7)
  2 bombardier beetles
  3 orc priests
  3 iguanas
  2 orc wizards (D:4)
  A sleepcap (D:5)
  9 adders
  8 gnolls
  3 shadow imps
  A white imp (D:4)
  An ufetubus (D:5)
  3 ribbon worms
  3 dart slugs
  14 orcs
  2 ball pythons
  6 bats
  3 endoplasms
  5 giant cockroaches
  3 goblins
  7 hobgoblins
  3 quokkas
  4 frilled lizards
  2 kobolds
  5 rats
108 creatures vanquished.

Notes
Turn   | Place    | Note
-------+----------+-------------------------------------------
     0 | D:1      | cojito the Draconian Shapeshifter began the quest for the
                  | Orb.
     0 | D:1      | Reached XP level 1. HP: 16/16 MP: 1/1
   292 | D:1      | Reached XP level 2. HP: 21/23 MP: 2/2
   814 | D:2      | Reached skill level 2 in Fighting
   892 | D:2      | Reached XP level 3. HP: 20/30 MP: 3/3
  1117 | D:2      | Found a faded altar of an unknown god.
  1692 | D:2      | Identified 2 scrolls of acquirement
  1692 | D:2      | Acquired the +0 pair of boots of the Pink Corner {^Drain
                  | rElec rN++ Str+3}
  1935 | D:3      | Identified the +1 long sword "Nagug" {spect, rCorr Dex+3}
  1964 | D:3      | Reached XP level 4. HP: 37/37 MP: 4/4
  2813 | D:4      | Reached skill level 3 in Fighting
  2852 | D:4      | Reached XP level 5. HP: 45/45 MP: 5/5
  2867 | D:4      | Found a basalt altar of Yredelemnul.
  3094 | D:4      | Noticed an ogre
  3358 | D:5      | Entered Level 5 of the Dungeon
  3438 | D:4      | Found Paim's Antique Weapon Shoppe.
  3506 | D:4      | Acquired the ring "Zaosu" {rN+ Will+ rCorr MP+9 Str+2}
  3601 | D:4      | an ogre changed into a ribbon worm
  4032 | D:4      | Reached XP level 6. HP: 50/52 MP: 6/6
  4039 | D:4      | Reached skill level 4 in Fighting
  4839 | D:5      | Your scales start taking on an icy white colour.
  4839 | D:5      | Reached XP level 7. HP: 55/60 MP: 7/7
  4839 | D:5      | Gained mutation: Your flesh is cold resistant. (rC+) [White
                  | Draconian growth]
  4882 | D:5      | Noticed Eustachio
  4920 | D:5      | Killed Eustachio
  4921 | D:5      | Reached skill level 5 in Fighting
  4921 | D:5      | Reached skill level 5 in Shapeshifting
  5254 | D:5      | Found a radiant altar of Vehumet.
  5348 | D:5      | Found a staircase to the Ecumenical Temple.
  5382 | Temple   | Entered the Ecumenical Temple
  5440 | Temple   | Became a worshipper of Uskayaw the Reveller
  5533 | D:5      | Reached * piety under Uskayaw
  5693 | D:5      | Found a white marble altar of Elyvilon.
  5790 | D:5      | Reached XP level 8. HP: 70/70 MP: 8/8
  5796 | D:6      | Reached ** piety under Uskayaw
  5798 | D:6      | Reached skill level 6 in Fighting
  5927 | D:6      | Found a shadowy altar of Dithmenos.
  6042 | D:6      | Reached skill level 5 in Unarmed Combat
  6129 | D:6      | Reached skill level 1 in Invocations
  6202 | D:6      | Noticed Blork the orc
  6203 | D:6      | Reached *** piety under Uskayaw
  6205 | D:6      | Killed Blork the orc
  6522 | D:7      | Noticed a hornet
  6629 | D:7      | Reached skill level 7 in Fighting
  6633 | D:7      | Noticed Joseph
  6643 | D:7      | Slain by Joseph

Illustrated notes

Levels and vault maps discovered:
D:1:      ebering_trefoil_3fold, layout_basic, chequers_mini_garden,
          grunt_decor_junction, chequers_hall_statues_corner_a
D:2:      layout_basic, shapermc_ecumenical_altar_gd
D:3:      layout_basic, serial_curves, eino_curves_02, eino_curves_04,
          kennysheep_generic_room_14
D:4:      layout_rooms, amcnicky_altar_gilded, serial_shops,
          nicolae_shop_overgrown_old_shop, serial_corexii_hall,
          chequers_hall_statues_corner_a, chequers_hall_statues_corner_a
D:5:      layout_cave_pools, mainiacjoe_overflow_divided_tiny,
          minmay_temple_entry_overgrown, serial_glass, glass_columns_b,
          glass_columns_b, minmay_fractal_squares_diagonal_5, uniq_eustachio
D:6:      layout_gridville, grunt_dithmenos_shadows, uniq_blork_the_orc
D:7:      layout_basic, nicolae_qazlal_beasts_of_the_sky,
          kennysheep_generic_room_9, uniq_jeremiah, uniq_joseph
Temple:   regret_index_temple_waves

Skill      XL: |  1  2  3  4  5  6  7  8 |
---------------+-------------------------+-----
Dodging        | 2 3 4 |  4.4
Fighting       | 2 3 4 5 7 |  7.0
Shapeshifting  | 4 5 |  5.9
Unarmed Combat | 4 5 |  5.4
Invocations    | 2 |  2.0

Action                     |  1- 3 |  4- 6 |  7- 9 || total
---------------------------+-------+-------+-------++-------
  Melee: Unarmed           |   117 |   126 |    62 ||   305
         Tailslap          |    10 |    15 |     9 ||    34
         Punch             |     2 |     1 |     3 ||     6
   Fire: Orcbow            |       |    61 |    83 ||   144
  Throw: Stone             |     2 |       |       ||     2
Ability: Glacial Breath    |       |       |     4 ||     4
  Evoke: Wand              |       |     1 |       ||     1
    Use: Scroll            |     2 |     8 |       ||    10
         Potion            |       |     2 |     4 ||     6
   Stab: Sleeping          |     1 |       |       ||     1
 Armour: Skin              |    63 |    96 |    78 ||   237
  Dodge: Dodged            |    72 |    74 |    62 ||   208
   Form: Storm             |       |     1 |       ||     1
         Beast             |       |     1 |       ||     1
         Flux              |       |     1 |       ||     1

Table legend: (Time is in decaauts)
 A = Elapsed time spent in this place.
 B = Non-inter-level travel time spent in this place.
 C = Inter-level travel time spent in this place.
 D = Time resting spent in this place.
 E = Time spent auto-exploring this place.
 F = Levels seen in this place.
 G = Mean time per level.
                   A        B        C        D        E       F      G
               +--------+--------+--------+--------+--------+-----+--------+
         Total |   6670 |   5982 |    688 |   1057 |   3480 |   8 |  833.8 |
       Dungeon |   6554 |   5980 |    574 |   1057 |   3480 |   7 |  936.3 |
        Temple |    116 |      2 |    114 |      0 |      0 |   1 |  116.0 |
               +--------+--------+--------+--------+--------+-----+--------+

Top non-repeatable levels by time:
     D:4: 1803 daAuts
     D:2: 1086 daAuts
     D:5: 1031 daAuts
     D:3: 973 daAuts
     D:1: 795 daAuts
     D:6: 772 daAuts
  Temple: 116 daAuts
     D:7: 92 daAuts
